 Dungeon Crawl Stone Soup version 0.23-a0-171-g5ae17c6 (webtiles) character file.

135 GrunderHorse the Ducker (level 5, -1/36 HPs)
             Began as an Octopode Berserker on Sept 13, 2018.
             Was a Priest of Trog.
             Slain by Crazy Yiuf
             ... wielding a +4 quarterstaff of chaos
              (10 damage)
             ... on level 2 of the Dungeon.
             The game lasted 00:01:31 (1552 turns).

GrunderHorse the Ducker (Octopode Berserker)        Turns: 1552, Time: 00:01:31

Health: -1/36      AC:  1    Str: 16    XL:     5   Next: 18%
Magic:  5/5        EV: 15    Int:  9    God:    Trog [***...]
Gold:   30         SH:  0    Dex: 13    Spells: 4/4 levels left

rFire    . . .     SeeInvis .   a - +0 falchion
rCold    . . .     Gourm    .   (no shield)
rNeg     . . .     Faith    .   (helmet restricted)
rPois    .         Spirit   .   (no amulet)
rElec    .         Reflect  .   (no ring)
rCorr    .         Harm     .   (no ring)
MR       .....                  (no ring)
Stlth    ++........             (no ring)
HPRegen  0.12/turn              (no ring)
MPRegen  0.09/turn              (no ring)
                                (no ring)
                                (no ring)

@: berserk cooldown, slowed, very slow
A: almost no armour, stealthy swim, amphibious, 8 rings, constrict 8, camouflage
1, gelatinous body 1
a: Berserk, Trog's Hand, Renounce Religion


You were on level 2 of the Dungeon.
You worshipped Trog.
Trog was most pleased with you.
You were near starving.

You visited 1 branch of the dungeon, and saw 2 of its levels.

You collected 30 gold pieces.

Inventory:

Hand Weapons
 a - a +0 falchion (weapon)
Missiles
 e - 3 javelins (quivered)
Armour
 i - a cursed +0 pair of boots
 m - a +0 pair of gloves
Scrolls
 c - 2 scrolls of identify {unknown}
 f - 2 scrolls of teleportation {unknown}
 g - a scroll of remove curse {unknown}
 j - a scroll of blinking {unknown}
 k - a scroll of fear {unknown}
Potions
 h - 2 potions of berserk rage {unknown}
 l - a potion of ambrosia {unknown}
Comestibles
 b - 5 rations


   Skills:
 - Level 3.0 Fighting
 + Level 4.5 Long Blades
 + Level 4.5 Dodging


You had 4 spell levels left.
You didn't know any spells.
Your spell library was empty.

Dungeon Overview and Level Annotations

Branches:
Dungeon (2/15)

Altars:
Cheibriados
Dithmenos
Hepliaklqana
Kikubaaqudgha
Qazlal
Sif Muna
Uskayaw
Xom

Annotations:
D:2 Crazy Yiuf


Innate Abilities, Weirdness & Mutations

You cannot wear most types of armour.
You are very stealthy in the water. (Stealth+)
You are amphibious.
You can wear up to eight rings at the same time.
You can use your tentacles to constrict eight enemies at once.
Your skin changes colour to match your surroundings (Stealth+).
Your rubbery body absorbs attacks. (AC +1, EV +1)


Message History

You are exhausted.
You feel yourself slow down.
Crazy Yiuf hits you with a quarterstaff of chaos.
Crazy Yiuf burns you.
You hit Crazy Yiuf. You grab Crazy Yiuf.
Crazy Yiuf is lightly wounded.
You constrict Crazy Yiuf, but do no damage.
Crazy Yiuf hits you with a quarterstaff of chaos!
Crazy Yiuf freezes you.
You hit Crazy Yiuf but do no damage.
Crazy Yiuf is lightly wounded.
You constrict Crazy Yiuf.
Crazy Yiuf hits you with a quarterstaff of chaos!
* * * LOW HITPOINT WARNING * * *
Crazy Yiuf closely misses you.
You hit Crazy Yiuf but do no damage. You squeeze Crazy Yiuf!
Crazy Yiuf is heavily wounded.
You constrict Crazy Yiuf, but do no damage.
Crazy Yiuf hits you with a quarterstaff of chaos!
You die...

##.########
##.<# #..###
#
#....#######
#...........
#####
#....#######
#)..# #....#
#.g.# #.####
#.@.# #.#
##'## #.#
♣.♣♣ #.#
♣♣.♣ #.#
♣.♣♣ #.#
♣♣.♣ #.#
♣♣.♣♣ #.#
♣♣...♣ #(#
♣.PP.♣ #.#


You could see Crazy Yiuf.

Vanquished Creatures
  A hound zombie (D:2)
  A worker ant zombie (D:2)
  A howler monkey skeleton (D:2)
  2 adders (D:2)
  An adder skeleton (D:2)
  3 worms (D:2)
  2 dart slugs (D:1)
  2 leopard geckos (D:1)
  A bat zombie (D:2)
  4 giant cockroaches (D:1)
  3 goblins
  8 hobgoblins
  8 jackals (D:1)
  6 kobolds
  A quokka (D:2)
  7 bats
  2 frilled lizards (D:1)
  12 rats
65 creatures vanquished.

Notes
Turn   | Place    | Note
-------+----------+-------------------------------------------
     0 | D:1      | GrunderHorse the Octopode Berserker began the quest for the
                  | Orb.
     0 | D:1      | Reached XP level 1. HP: 16/16 MP: 1/1
    74 | D:1      | Reached XP level 2. HP: 10/21 MP: 2/2
   296 | D:1      | Reached XP level 3. HP: 25/26 MP: 3/3
   297 | D:1      | Reached ** piety under Trog
   769 | D:2      | Reached XP level 4. HP: 27/31 MP: 4/4
   975 | D:2      | Found a shadowy altar of Dithmenos.
   986 | D:2      | Found a deep blue altar of Sif Muna.
   986 | D:2      | Found an ancient bone altar of Kikubaaqudgha.
   987 | D:2      | Found a hide-covered altar of Uskayaw.
   988 | D:2      | Found a snail-covered altar of Cheibriados.
   991 | D:2      | Found a stormy altar of Qazlal.
  1163 | D:2      | Reached *** piety under Trog
  1167 | D:2      | Reached XP level 5. HP: 36/36 MP: 5/5
  1288 | D:2      | Found a shimmering altar of Xom.
  1289 | D:2      | Found a hazy altar of Hepliaklqana.
  1289 | D:2      | Noticed a tentacled monstrosity
  1290 | D:2      | Noticed a tentacled monstrosity
  1290 | D:2      | Noticed a spectral ugly thing
  1409 | D:2      | Found a runed door.
  1547 | D:2      | Noticed Crazy Yiuf
  1552 | D:2      | Slain by Crazy Yiuf

Vault maps used:
D:1:      minmay_arrival_hallway
D:2:      regret_index_temple_of_mockery, minitemple, first_ration,
          serial_undead, serial_undead_a, serial_undead_f, serial_undead_c,
          serial_undead_f, serial_undead_d, serial_undead_d,
          minmay_misc_feat_diagonals, uniq_crazy_yiuf_cottage

Skill      XL: |  1  2  3 |
---------------+----------+-----
Long Blades    | 4 |  4.5
Dodging        | 4 |  4.5
Fighting       | |  3.0

Action                   |  1- 3 |  4- 6 || total
-------------------------+-------+-------++-------
Melee: Falchion          |    60 |    44 ||   104
       Tentacles         |    14 |    12 ||    26
       Constrict         |    20 |    16 ||    36
Invok: Berserk           |     2 |     2 ||     4
 Stab: Sleeping          |     7 |     2 ||     9
  Eat: Chunk             |     1 |     3 ||     4
Armor: Skin              |     7 |     4 ||    11
Dodge: Dodged            |    38 |    28 ||    66
       Rpst.: Falchion   |    13 |    15 ||    28

Table legend:
 A = Non-vault XP
 B = Vault XP
 C = Vault XP percentage of total XP
 D = Non-vault monster count
 E = Vault monster count
 F = Vault count percentage of total count
                 A         B        C        D         E       F
            +---------+---------+-------+---------+---------+-------
      Total |     133 |      60 |  31.1 |      60 |       5 |   7.7
            +---------+---------+-------+---------+---------+-------
        D:1 |      64 |       0 |   0.0 |      35 |       0 |   0.0
        D:2 |      69 |      60 |  46.5 |      25 |       5 |  16.7
            +---------+---------+-------+---------+---------+-------
